 Dungeon Sprint DCSS version 0.22-a0-417-g1387785 (webtiles) character file.

7 Mgcat the Charmwright (level 1, -4/16 HPs)
             Began as a Demonspawn Skald on May 14, 2018.
             Slain by a centaur (7 damage)
             ... in the Dungeon (Sprint IX: "|||||||||||||||||||||||||||||").
             The game lasted 00:00:37 (325 turns).

Mgcat the Charmwright (Demonspawn Skald)             Turns: 325, Time: 00:00:38

Health: -4/16      AC:  3    Str: 11    XL:     1   Next: 83%
Magic:  3/3        EV: 11    Int: 14    God:
Gold:   0          SH:  0    Dex: 12    Spells: 3/4 levels left

rFire    . . .     SeeInvis .   a - +0 mace
rCold    . . .     Gourm    .   (no shield)
rNeg     . . .     Faith    .   b - +0 leather armour
rPois    .         Spirit   .   (no helmet)
rElec    .         Reflect  .   (no cloak)
rCorr    .         Harm     .   (no gloves)
MR       .....     NoTele   +   (no boots)
Stlth    +.........             (no amulet)
HPRegen  0.05/turn              (no ring)
MPRegen  0.08/turn              (no ring)

@: hasted, very quick
A: no striking features
a: no special abilities


You were in the Dungeon.
You were not hungry.

You visited 1 branch

Inventory:

Hand Weapons
 a - a +0 mace (weapon)
Armour
 b - a +0 leather armour (worn)
Scrolls
 j - a scroll of blinking {!r}
Potions
 e - a potion of curing
 f - a potion of heal wounds
 h - 2 potions of magic
 i - a potion of berserk rage {!q}
Comestibles
 d - a ration


   Skills:
 - Level 2.0 Fighting
 + Level 3.0 Maces & Flails
 - Level 0.8 Armour
 - Level 1.7 Dodging
 - Level 2.0 Spellcasting
 + Level 3.6 Charms


You had 3 spell levels left.
You knew the following spells:

 Your Spells              Type           Power        Failure   Level  Hunger
a - Infusion              Chrm           ##..         7%          1    ##.....

Your spell library contained the following spells:

 Spells                   Type           Power        Failure   Level  Hunger
 Regeneration             Chrm/Necr      #.........   41%         3    ####...
 Shroud of Golubria       Chrm/Tloc      #.........   22%         2    ###....
 Song of Slaying          Chrm           ##......     11%         2    ###....
 Spectral Weapon          Hex/Chrm       #.......     41%         3    ####...


Dungeon Overview and Level Annotations

Branches:
Dungeon (1/1)

Altars:


Message History

Welcome, Mgcat the Demonspawn Skald.
Press ? for a list of commands and other information.
Found a staircase leading out of the dungeon.
Lua error: attempt to yield across metamethod/C-call boundary Unknown command.
Unknown command.
Unknown command.
You open the door.
A bat, 2 rats, a kobold and a dart slug come into view.
The kobold shouts!
Casting: Infusion (safe; 11% risk of failure)
Confirm with . or Enter, or press ? or * to list all spells.
You begin infusing your attacks with magical energy.
The kobold hits you with a short sword. The kobold hits you with a short sword.
You barely miss the kobold. The kobold hits you with a short sword.
You closely miss the kobold. The kobold hits you with a short sword.
* * * LOW HITPOINT WARNING * * *
You sock the kobold!
You kill the kobold!
Your Maces & Flails skill increases to level 2!
Your Charms skill increases to level 3!
The bat hits you but does no damage. x2
You closely miss the bat. The bat closely misses you.
The bat hits you but does no damage.
You hit the bat.
You kill the bat!
You completely miss the dart slug.
The dart slug bites you but does no damage.
You hit the dart slug.
The dart slug is heavily wounded.
The dart slug barely misses you.
You hit the dart slug but do no damage.
The dart slug is heavily wounded.
The dart slug closely misses you.
You hit the dart slug.
The dart slug is almost dead.
The dart slug closely misses you.
You hit the dart slug.
You kill the dart slug!
Your magical infusion is running out.
The rat barely misses you.
You closely miss the rat. The rat misses you.
You hit the rat.
The rat is heavily wounded.
The rat bites you.
* * * LOW HITPOINT WARNING * * *
You hit the rat.
You kill the rat!
You sock the rat!
You kill the rat!
Your Maces & Flails skill increases to level 3!
You are no longer magically infusing your attacks.
There is an open door to the Dungeon, spattered with blood here.
Items here: ) †††† a short sword; a rat corpse x2; a dart slug corpse; a bat corpse You start resting.
Magic restored.
HP restored.
Unknown command.
You start resting.
HP restored.
You feel yourself speed up.
You open the door.
A worker ant, 2 centaurs, a zombie and a howler monkey come into view.
The howler monkey howls!
The worker ant twitches its antennae in your direction.
The centaur wields a shortbow.
The centaur shoots an arrow.
The arrow closely misses you.
The centaur shouts!
The centaur unwields an uncursed shortbow.
The centaur hits you!
Ouch! That really hurt!
There is an open door, spattered with blood here.
You hit the centaur.
The centaur is lightly wounded.
The centaur hits you but does no damage.
You hit the centaur.
The centaur is heavily wounded.
The howler monkey hoots and howls with incredible vigour!
The centaur hits you.
* * * LOW HITPOINT WARNING * * *
You hit the centaur.
The centaur is severely wounded.
The centaur hits you!
You die... ▓▓▓▓▓▓▓▓▓▓▓▓▓▓▓▓▓▓ +hcZac@.....(...<▓ ▓▓▓▓▓▓▓▓▓▓▓▓▓▓▓▓▓▓

You could see 2 centaurs, a howler monkey, a worker ant and an adder zombie.

Vanquished Creatures
  A dart slug (D)
  A bat (D)
  A kobold (D)
  2 rats (D)
5 creatures vanquished.

Notes
Turn   | Place    | Note
-------+----------+-------------------------------------------
     0 | D        | Mgcat the Demonspawn Skald began the quest for the Orb.
     0 | D        | Reached XP level 1. HP: 16/16 MP: 3/3
     7 | D        | HP: 3/16 [kobold/short sword (3)]
     8 | D        | Reached skill level 2 in Maces & Flails
     8 | D        | Reached skill level 3 in Charms
    17 | D        | HP: 1/16 [rat (3)]
    19 | D        | Reached skill level 3 in Maces & Flails
   321 | D        | Noticed a howler monkey
   321 | D        | Noticed a centaur
   321 | D        | Noticed a worker ant
   321 | D        | Noticed a centaur
   324 | D        | HP: 3/16 [centaur (5)]
   325 | D        | Slain by a centaur

Vault maps used:
D:        linesprint

Skill      XL: |  1 |
---------------+----+-----
Maces & Flails | 3 |  3.0
Charms         | 3 |  3.6
Fighting       | |  2.0
Armour         | |  0.8
Dodging        | |  1.7
Spellcasting   | |  2.0

Action                   || total
-------------------------++-------
Melee: Mace              ||    17
 Cast: Infusion          ||     1
  Use: Potion            ||     1
Armor: Leather armour    ||     5
Dodge: Dodged            ||     7

Table legend:
 A = Spawn XP
 B = Non-spawn XP
 C = Spawn XP percentage of total XP
 D = Spawn monster count
 E = Non-spawn monster count
 F = Spawn count percentage of total count
 G = Total turns spent on level
                    A         B        C        D         E        F      G
               +---------+---------+-------+---------+---------+-------+---------
         Total |       0 |      10 |   0.0 |       0 |       5 |   0.0 |   325
               +---------+---------+-------+---------+---------+-------+---------
             D |       0 |      10 |   0.0 |       0 |       5 |   0.0 |   325
               +---------+---------+-------+---------+---------+-------+---------

Vault maps used:
D:        linesprint

Table legend:
 A = Turns spent in this place as a percentage of turns spent in the entire game.
 B = Non-inter-level travel turns spent in this place as a percentage of non-inter-level travel turns spent in the entire game.
 C = Inter-level travel turns spent in this place as a percentage of turns spent in this place.
 D = Turns resting spent in this place as a percentage of non-inter-level travel turns spent in this place.
 E = Turns spent auto-exploring this place as a percentage of non-inter-level travel turns spent in this place.
 F = Non-inter-level travel turns spent in this place divided by the number of levels of this place that you've seen.
                   A       B       C       D       E      F
               +-------+-------+-------+-------+-------+----------------------
         Total | 100.0 | 100.0 |   0.0 |  90.5 |   0.9 | 325.0
       Dungeon | 100.0 | 100.0 |   0.0 |  90.5 |   0.9 | 325.0
               +-------+-------+-------+-------+-------+----------------------

Table legend:
 A = Kills in this place as a percentage of kills in entire the game.
 B = Kills by you in this place as a percentage of kills by you in the entire game.
 C = Kills by friends in this place as a percentage of kills by friends in the entire game.
 D = Other kills in this place as a percentage of other kills in the entire game.
 E = Experience gained in this place as a percentage of experience gained in the entire game.
 F = Experience gained in this place divided by the number of levels of this place that you have seen.
                   A       B       C       D       E      F
               +-------+-------+-------+-------+-------+----------------------
         Total | 100.0 | 100.0 |   N/A |   N/A | 100.0 |  10.0
       Dungeon | 100.0 | 100.0 |   N/A |   N/A | 100.0 |  10.0
               +-------+-------+-------+-------+-------+----------------------
